 Dungeon Crawl Stone Soup version 0.31-a0-435-g2c6fae2916 (console) character file.

Game seed: 10354838588564836231

6970 jejorda2 the Grappler (level 11, -3/89 HPs)
             Began as a Gnoll Berserker on Aug 1, 2023.
             Was a High Priest of Trog.
             Slain by Snorg (7 damage)
             ... on level 10 of the Dungeon.
             The game lasted 00:23:27 (8015 turns).

jejorda2 the Grappler (Gnoll Berserker)             Turns: 8015, Time: 00:23:28

Health: -3/89      AC: 21    Str: 22    XL:     11   Next: 7%
Magic:  20/20      EV: 11    Int:  6    God:    Trog [*****.]
Gold:   398        SH:  0    Dex: 11    Spells: 22/22 levels left

rFire   . . .        a - +4 dire flail
rCold   . . .        (shield currently unavailable)
rNeg    + . .        k - +8 chain mail "Hymap" {rN+ Regen+}
rPois   +            (no helmet)
rElec   .            (no cloak)
rCorr   .            c - +0 pair of gloves
SInv    .            n - +0 pair of boots
Will    ++...        e - amulet of regeneration Stlth
                     b - ring of poison resistance
HPRegen 2.94/turn    v - +4 ring of slaying
MPRegen 0.17/turn

%: no passive effects
@: strong-willed, on berserk cooldown, regenerating, slowed, invisible, very
slow
A: fangs 1, strong nose, distributed training
a: Renounce Religion, Berserk, Trog's Hand, Brothers in Arms


You were on level 10 of the Dungeon.
You worshipped Trog.
Trog was extremely pleased with you.
You visited 1 branch of the dungeon, and saw 10 of its levels.
You also visited: Sewer.

You collected 494 gold pieces.
You spent 96 gold pieces at shops.

Inventory:

Hand Weapons
 a - a +4 dire flail (weapon)
 o - a +0 battleaxe
Missiles
 h - 15 poisoned darts
 j - 4 curare-tipped darts
 s - 4 boomerangs
 u - 2 throwing nets
Armour
 c - a +0 pair of gloves (worn)
 k - the +8 chain mail "Hymap" (worn) {rN+ Regen+}
   (You found it on level 6 of the Dungeon)

   rN:        It protects you from negative energy.
   Regen:     It increases your rate of health regeneration.
 n - a +0 pair of boots (worn)
Jewellery
 b - a ring of poison resistance (left hand)
 e - an amulet of regeneration (around neck)
 m - a ring of ice
 q - a ring of willpower
 v - a +4 ring of slaying (right hand)
Wands
 p - a wand of polymorph (8)
 y - a wand of mindburst (3)
Scrolls
 d - a scroll of enchant armour
 i - 4 scrolls of teleportation
 l - a scroll of fear
 w - a scroll of poison
 x - a scroll of immolation
Potions
 f - 3 potions of enlightenment
 g - 2 potions of lignification
 r - 4 potions of curing
 B - a potion of might


   Skills:
 + Level 9.0 Fighting
 + Level 6.0 Short Blades
 + Level 6.0 Long Blades
 + Level 6.0 Axes
 + Level 6.0 Maces & Flails
 + Level 6.0 Polearms
 + Level 6.0 Staves
 + Level 6.0 Ranged Weapons
 + Level 6.0 Throwing
 + Level 7.6 Armour
 + Level 7.6 Dodging
 + Level 6.0 Stealth
 + Level 6.0 Shields
 + Level 9.0 Unarmed Combat
 + Level 6.0 Spellcasting
 + Level 5.0 Conjurations
 + Level 5.0 Hexes
 + Level 5.0 Summonings
 + Level 5.0 Necromancy
 + Level 5.0 Translocations
 + Level 5.0 Transmutations
 + Level 5.0 Fire Magic
 + Level 5.0 Ice Magic
 + Level 5.0 Air Magic
 + Level 5.0 Earth Magic
 + Level 5.0 Poison Magic
 + Level 6.6 Invocations
 + Level 6.0 Evocations
 + Level 5.0 Shapeshifting


You had 22 spell levels left.
You didn't know any spells.
Your spell library was empty.

Dungeon Overview and Level Annotations

Branches:
Dungeon (10/15)            Temple (0/1) D:5             Orc (0/2) D:9
  Sewer (visited)
   Lair: D:8-11

Altars:
Elyvilon
Hepliaklqana
Kikubaaqudgha
Qazlal
Ru
Sif Muna
Trog

Shops:
D:4 !

Annotations:
D:7 Dowan, Duvessa
D:10 Snorg


Innate Abilities, Weirdness & Mutations

You have very sharp teeth.
Your uncanny sense of smell can sniff out nearby items.
Your experience applies equally to all skills.


Message History

Press: ? - help, Shift-Dir - straight line, f - Snorg
Aim: Snorg (moderately wounded, berserk, 66% to hit)
You throw a throwing net. The throwing net closely misses Snorg.
The throwing net hits the killer bee.
The killer bee is caught in the net!
Snorg bites you but does no damage. Snorg claws you!
* * * LOW HITPOINT WARNING * * *
Snorg claws you but does no damage.
The killer bee struggles against the net.
Snorg barely misses you. Snorg misses you. Snorg claws you!
* * * LOW HITPOINT WARNING * * *
The killer bee struggles against the net.
You feel much better.
The killer bee struggles against the net.
The net rips apart, and the killer bee comes free!
Snorg bites you!
Snorg claws you but does no damage. x2; Snorg bites you!!
* * * LOW HITPOINT WARNING * * *
Snorg claws you!
* * * LOW HITPOINT WARNING * * *
Snorg barely misses you.
You feel much better. Snorg completely misses you. Snorg misses you.
Snorg claws you but does no damage. Snorg bites you.
* * * LOW HITPOINT WARNING * * *
Snorg claws you but does no damage. Snorg closely misses you.
Okay, then.
You fade into invisibility!
Snorg misses you. Snorg closely misses you. Snorg claws you.
* * * LOW HITPOINT WARNING * * *
Snorg barely misses you. x2; Snorg closely misses you.
You catch the helpless Snorg completely off-guard!
You impale Snorg!!
Snorg is moderately wounded.
Snorg barely misses you. Snorg claws you!
* * * LOW HITPOINT WARNING * * *
Snorg claws you.
* * * LOW HITPOINT WARNING * * *
Snorg bites you.
* * * LOW HITPOINT WARNING * * *
Snorg barely misses you. Snorg claws you!
You die...

*,,,,,,,* #..#....≈,~,_.≈.≈..##.
*,,,,,,,* #.yy....≈.≈...§.≈..#..
*,,,,,∆,* ##.....#,,.≈.≈≈≈.≈.....
********* #T.###.#.≈.......≈.....
## ##y## *,,.≈≈≈≈≈≈≈≈≈.##.# .##
#..# ***....,.......... ..###
###..########..###........
....######..########.......#.....
#.............yT@................
###.....###.#####.........=#...>.
#####.###.#####..........#.....
#.###.#####.>........######
#....................#
#....................#
#....................#
#..........###########
#################


You could see Snorg (berserk, unable to see you) and a killer bee (unable to see
you).

Vanquished Creatures
  2 two-headed ogres
  3 trolls
  4 wyverns
  Eustachio (D:4)
  A yak (D:8)
  2 steam dragons
  A water moccasin (D:6)
  Pargi (Sewer)
  4 sky beasts
  An orc warrior (D:9)
  2 black bears
  3 ogres
  A centaur (D:9)
  3 bullfrogs
  A kobold brigand (D:9)
  A gnoll sergeant (D:7)
  2 scorpions (D:5)
  8 wights
  14 killer bees
  A howler monkey (D:5)
  4 gnoll boudas
  3 jellies
  3 orc priests
  6 hounds
  4 iguanas
  9 orc wizards
  10 adders
  24 gnolls
  A shadow imp (D:6)
  3 white imps
  An ufetubus (D:5)
  2 worms
  2 dart slugs
  30 orcs
  2 ball pythons
  10 bats
  10 endoplasms
  2 giant cockroaches
  4 goblins
  6 hobgoblins
  9 jackals
  9 quokkas
  6 frilled lizards
  13 kobolds
  10 rats
239 creatures vanquished.

Notes
Turn   | Place    | Note
-------+----------+-------------------------------------------
     0 | D:1      | jejorda2 the Gnoll Berserker began the quest for the Orb.
     0 | D:1      | Reached XP level 1. HP: 23/23 MP: 1/1
   130 | D:1      | Reached XP level 2. HP: 29/29 MP: 2/2
   147 | D:1      | Found a faded altar of an unknown god.
   909 | D:2      | Reached XP level 3. HP: 34/35 MP: 3/3
   952 | D:2      | Reached skill level 1 in Invocations
   960 | D:2      | Reached ** piety under Trog
  1034 | D:2      | Reached skill level 1 in Short Blades
  1034 | D:2      | Reached skill level 1 in Long Blades
  1034 | D:2      | Reached skill level 1 in Axes
  1034 | D:2      | Reached skill level 1 in Maces & Flails
  1034 | D:2      | Reached skill level 1 in Polearms
  1034 | D:2      | Reached skill level 1 in Staves
  1034 | D:2      | Reached skill level 1 in Ranged Weapons
  1034 | D:2      | Reached skill level 1 in Throwing
  1034 | D:2      | Reached skill level 1 in Stealth
  1034 | D:2      | Reached skill level 1 in Shields
  1034 | D:2      | Reached skill level 1 in Spellcasting
  1034 | D:2      | Reached skill level 1 in Evocations
  1132 | D:2      | Reached XP level 4. HP: 41/41 MP: 5/5
  1359 | D:2      | Reached skill level 1 in Conjurations
  1359 | D:2      | Reached skill level 1 in Hexes
  1359 | D:2      | Reached skill level 1 in Summonings
  1359 | D:2      | Reached skill level 1 in Necromancy
  1359 | D:2      | Reached skill level 1 in Translocations
  1359 | D:2      | Reached skill level 1 in Transmutations
  1359 | D:2      | Reached skill level 1 in Fire Magic
  1359 | D:2      | Reached skill level 1 in Ice Magic
  1359 | D:2      | Reached skill level 1 in Air Magic
  1359 | D:2      | Reached skill level 1 in Earth Magic
  1359 | D:2      | Reached skill level 1 in Poison Magic
  1359 | D:2      | Reached skill level 1 in Shapeshifting
  1705 | D:3      | Found a glowing drain.
  1710 | Sewer    | Entered a sewer
  1728 | Sewer    | Noticed Pargi
  1732 | Sewer    | Killed Pargi
  1733 | Sewer    | Reached XP level 5. HP: 47/47 MP: 5/7
  1973 | D:3      | Reached XP level 6. HP: 53/53 MP: 8/8
  2119 | D:3      | Reached *** piety under Trog
  2563 | D:3      | Found a hazy altar of Hepliaklqana.
  2646 | D:4      | Reached skill level 5 in Armour
  2646 | D:4      | Reached skill level 5 in Dodging
  2870 | D:4      | Noticed Eustachio
  2884 | D:4      | Killed Eustachio
  2885 | D:4      | Reached XP level 7. HP: 60/60 MP: 8/10
  3069 | D:4      | Found Temn's Distillery.
  3074 | D:4      | Bought a potion of heal wounds for 60 gold pieces
  3074 | D:4      | Bought a potion of curing for 36 gold pieces
  3373 | D:5      | Entered Level 5 of the Dungeon
  3809 | D:5      | Reached XP level 8. HP: 63/67 MP: 12/12
  3883 | D:5      | Found a staircase to the Ecumenical Temple.
  4073 | D:6      | Noticed a troll
  4830 | D:6      | Reached XP level 9. HP: 66/73 MP: 14/14
  4845 | D:6      | Killed a troll
  4912 | D:6      | Identified the +8 chain mail "Hymap" {rN+ Regen+}
  4974 | D:7      | Noticed Duvessa
  4974 | D:7      | Noticed Dowan
  5124 | D:7      | Reached **** piety under Trog
  5132 | D:7      | Reached skill level 5 in Invocations
  5285 | D:7      | Found a stormy altar of Qazlal.
  5470 | D:7      | Reached XP level 10. HP: 80/80 MP: 17/17
  5633 | D:7      | Found a white marble altar of Elyvilon.
  5930 | D:8      | Reached skill level 5 in Short Blades
  5930 | D:8      | Reached skill level 5 in Long Blades
  5930 | D:8      | Reached skill level 5 in Axes
  5930 | D:8      | Reached skill level 5 in Maces & Flails
  5930 | D:8      | Reached skill level 5 in Polearms
  5930 | D:8      | Reached skill level 5 in Staves
  5930 | D:8      | Reached skill level 5 in Ranged Weapons
  5930 | D:8      | Reached skill level 5 in Throwing
  5930 | D:8      | Reached skill level 5 in Stealth
  5930 | D:8      | Reached skill level 5 in Shields
  5930 | D:8      | Reached skill level 5 in Spellcasting
  5930 | D:8      | Reached skill level 5 in Evocations
  6027 | D:8      | Found a bloodstained altar of Trog.
  6297 | D:8      | Noticed a two-headed ogre
  6311 | D:8      | Killed a two-headed ogre
  6330 | D:8      | Reached ***** piety under Trog
  7438 | D:9      | Noticed a two-headed ogre
  7447 | D:9      | Killed a two-headed ogre
  7606 | D:9      | Reached XP level 11. HP: 86/87 MP: 19/19
  7621 | D:9      | Found a staircase to the Orcish Mines.
  7851 | D:9      | Found a shimmering blue altar of Sif Muna.
  7867 | D:10     | Entered Level 10 of the Dungeon
  7892 | D:10     | Found a sacrificial altar of Ru.
  7923 | D:10     | Found an ancient bone altar of Kikubaaqudgha.
  7979 | D:10     | Noticed Snorg
  7995 | D:10     | Reached skill level 5 in Conjurations
  7995 | D:10     | Reached skill level 5 in Hexes
  7995 | D:10     | Reached skill level 5 in Summonings
  7995 | D:10     | Reached skill level 5 in Necromancy
  7995 | D:10     | Reached skill level 5 in Translocations
  7995 | D:10     | Reached skill level 5 in Transmutations
  7995 | D:10     | Reached skill level 5 in Fire Magic
  7995 | D:10     | Reached skill level 5 in Ice Magic
  7995 | D:10     | Reached skill level 5 in Air Magic
  7995 | D:10     | Reached skill level 5 in Earth Magic
  7995 | D:10     | Reached skill level 5 in Poison Magic
  7995 | D:10     | Reached skill level 5 in Shapeshifting
  8012 | D:10     | HP: 2/89 [Snorg (12)]
  8015 | D:10     | Slain by Snorg

Illustrated notes

Levels and vault maps discovered:
D:1:      dpeg_arrival_arbitrary_c, layout_basic, shapermc_ecumenical_altar_gd,
          bh_walls_and_bars
D:2:      wad_woods_tower, layout_basic
D:3:      layout_loops_cross, nicolae_hepliaklqana_hippocampus,
          cheibrodos_sewer_entry_drain
D:4:      layout_loops_ring, serial_shops, nicolae_shop_statue_plus,
          uniq_eustachio
D:5:      layout_rooms, minmay_temple_entry_junction_2
D:6:      minmay_clustersquares, layout_gridville, dk_rats_in_the_wall
D:7:      layout_basic, lemuel_crystal_altar, nicolae_qazlal_beasts_of_the_sky,
          uniq_duvessa
D:8:      minmay_evil_eye, layout_basic, bloody_trog, minmay_misc_feat_pillars
D:9:      layout_basic, lemuel_blue_sif_altar
D:10:     layout_rooms, nicolae_ru_awakened_eye,
          mainiacjoe_overflow_concentric_impassable, uniq_snorg

Skill      XL: |  1  2  3  4  5  6  7  8  9 10 11 |
---------------+----------------------------------+-----
Invocations    | 1 2 3 4 5 6 |  6.6
Short Blades   | 1 2 3 4 5 6 |  6.0
Long Blades    | 1 2 3 4 5 6 |  6.0
Axes           | 1 2 3 4 5 6 |  6.0
Maces & Flails | 1 2 3 4 5 6 |  6.0
Polearms       | 1 2 3 4 5 6 |  6.0
Staves         | 1 2 3 4 5 6 |  6.0
Ranged Weapons | 1 2 3 4 5 6 |  6.0
Throwing       | 1 2 3 4 5 6 |  6.0
Stealth        | 1 2 3 4 5 6 |  6.0
Shields        | 1 2 3 4 5 6 |  6.0
Spellcasting   | 1 2 3 4 5 6 |  6.0
Evocations     | 1 2 3 4 5 6 |  6.0
Conjurations   | 1 2 3 4 5 |  5.0
Hexes          | 1 2 3 4 5 |  5.0
Summonings     | 1 2 3 4 5 |  5.0
Necromancy     | 1 2 3 4 5 |  5.0
Translocations | 1 2 3 4 5 |  5.0
Transmutations | 1 2 3 4 5 |  5.0
Fire Magic     | 1 2 3 4 5 |  5.0
Ice Magic      | 1 2 3 4 5 |  5.0
Air Magic      | 1 2 3 4 5 |  5.0
Earth Magic    | 1 2 3 4 5 |  5.0
Poison Magic   | 1 2 3 4 5 |  5.0
Shapeshifting  | 1 2 3 4 5 |  5.0
Armour         | 5 6 7 |  7.6
Dodging        | 5 6 7 |  7.6
Fighting       | 7 8 9 |  9.0
Unarmed Combat | 7 8 9 |  9.0

Action                     |  1- 3 |  4- 6 |  7- 9 | 10-12 || total
---------------------------+-------+-------+-------+-------++-------
  Melee: Unarmed           |    86 |   114 |   234 |       ||   434
         Bite              |     4 |    11 |    32 |    32 ||    79
         Punch             |     2 |     4 |    19 |       ||    25
         Dire flail        |       |       |    56 |   213 ||   269
  Throw: Throwing net      |       |       |       |     1 ||     1
 Invoke: Berserk           |     1 |     4 |     9 |     3 ||    17
         Trog's Hand       |       |     1 |     3 |     1 ||     5
Ability: Begin Untransform |       |       |     1 |       ||     1
  Evoke: Wand              |       |       |     1 |       ||     1
    Use: Scroll            |       |     8 |     8 |     3 ||    19
         Potion            |       |       |     2 |     3 ||     5
   Stab: Sleeping          |       |     1 |     1 |       ||     2
         Invisible         |       |       |     4 |     1 ||     5
 Armour: Animal skin       |     4 |       |       |       ||     4
         Leather armour    |    23 |     7 |       |       ||    30
         Troll leather arm |       |     6 |    10 |       ||    16
         Plate armour      |       |       |    34 |       ||    34
         Chain mail        |       |       |   113 |   127 ||   240
  Dodge: Dodged            |    47 |    77 |   164 |   116 ||   404
   Form: Beast             |     1 |       |       |       ||     1

Table legend: (Time is in decaauts)
 A = Elapsed time spent in this place.
 B = Non-inter-level travel time spent in this place.
 C = Inter-level travel time spent in this place.
 D = Time resting spent in this place.
 E = Time spent auto-exploring this place.
 F = Levels seen in this place.
 G = Mean time per level.
                   A        B        C        D        E       F      G
               +--------+--------+--------+--------+--------+-----+--------+
         Total |   8117 |   7810 |    307 |    551 |   5548 |  11 |  737.9 |
       Dungeon |   7922 |   7615 |    307 |    537 |   5431 |  10 |  792.2 |
         Sewer |    195 |    195 |      0 |     14 |    117 |   1 |  195.0 |
               +--------+--------+--------+--------+--------+-----+--------+

Top non-repeatable levels by time:
     D:9: 1001 daAuts
     D:7: 970 daAuts
     D:8: 970 daAuts
     D:6: 922 daAuts
     D:4: 853 daAuts
     D:2: 847 daAuts
     D:1: 840 daAuts
     D:3: 758 daAuts
     D:5: 609 daAuts
   Sewer: 195 daAuts
    D:10: 147 daAuts
